 Dungeon Crawl Stone Soup version 0.29-a0-330-g52719c12eb (webtiles) character file.

Game seed: 11023225354073498879

31 Flugslaktarn the Stinger (level 3, 0/24 HPs)
             Began as a Human Venom Mage on Apr 13, 2022.
             Slain by a goblin
             ... wielding a +0 dagger
              (1 damage)
             ... on level 2 of the Dungeon.
             The game lasted 00:01:47 (305 turns).

Flugslaktarn the Stinger (Human Venom Mage)          Turns: 305, Time: 00:01:47

Health: 0/24       AC:  1    Str:  8    XL:     3   Next: 40%
Magic:  4/6        EV: 12    Int: 17    God:
Gold:   18         SH:  0    Dex: 13    Spells: 3/6 levels left

rFire   . . .      SeeInvis .   e - +0 mace
rCold   . . .      Faith    .   (no shield)
rNeg    . . .      Spirit   .   a - +0 robe
rPois   .          Reflect  .   (no helmet)
rElec   .          Harm     .   (no cloak)
rCorr   .          Rampage  .   (no gloves)
Will    .....                   (no boots)
Stlth   ++........              (no amulet)
HPRegen 0.08/turn               (no ring)
MPRegen 0.10/turn               (no ring)

@: no status effects
A: claws 1, deformed body, screaming 1
a: no special abilities


You were on level 2 of the Dungeon.
You visited 1 branch of the dungeon, and saw 2 of its levels.

You collected 18 gold pieces.

Inventory:

Hand Weapons
 e - a +0 mace (weapon)
   (You found it on level 1 of the Dungeon)
Missiles
 f - 23 stones
Armour
 a - a +0 robe (worn)
 c - a +0 buckler
   (You found it on level 1 of the Dungeon)


   Skills:
 + Level 0.2 Fighting
 - Level 2.0 Dodging
 - Level 2.0 Stealth
 - Level 2.0 Spellcasting
 - Level 2.0 Transmutations
 - Level 2.0 Air Magic
 - Level 3.0 Poison Magic


You had 3 spell levels left.
You knew the following spells:

 Your Spells              Type           Power      Damage    Failure   Level
a - Sting                 Tmut/Pois      40%        1d5       7%          1
b - Poisonous Vapours     Pois/Air       20%        N/A       11%         2

Your spell library contained the following spells:

 Spells                   Type           Power      Damage    Failure   Level
 Mephitic Cloud           Conj/Pois/Air  7%         N/A       28%         3
 Olgreb's Toxic Radiance  Pois           12%        N/A       50%         4


Dungeon Overview and Level Annotations

Branches:
Dungeon (2/15)

Altars:


Innate Abilities, Weirdness & Mutations

You have sharp fingernails.
Armour fits poorly on your strangely shaped body.
You occasionally shout uncontrollably at your foes.


Message History

You kill the hobgoblin!
You see here a hobgoblin corpse.
An endoplasm comes into view.
An endoplasm is nearby!
Your magical contamination has completely faded away.
The endoplasm quivers.
Casting: Sting (safe; 8% risk of failure)
Confirm with . or Enter, or press ? or * to list all spells.
Aiming: Sting (safe; 8% risk of failure)
Press: ? - help, Shift-Dir - straight line, f - endoplasm
Aim: an endoplasm (97% to hit)
The sting hits the endoplasm.
The endoplasm is poisoned.
The endoplasm is lightly wounded.
You barely miss the endoplasm.
The endoplasm is lightly wounded.
The endoplasm hits you but does no damage.
You hit the endoplasm.
The endoplasm is almost dead.
You kill the endoplasm!
You have reached level 3!
Your experience leads to an increase in your attributes!
Increase (S)trength, (I)ntelligence, or (D)exterity?
You feel clever. x2
Unknown command.
You now have 18 gold pieces (gained 8).
A gnoll comes into view. It is wielding a +3 whip.
The gnoll shouts!
You hear a shout!
Casting: Sting (safe; 7% risk of failure)
Confirm with . or Enter, or press ? or * to list all spells.
Aiming: Poisonous Vapours (safe; 12% risk of failure)
Press: ? - help, Dir - move target, f - gnoll
Aim: a gnoll, wielding a +3 whip Poisonous vapours surround the gnoll!
The gnoll is poisoned.
There is a stone staircase leading up here.
The gnoll looks more healthy.
Found a scroll labelled LEKUVV JUBUOPS.
Casting: Poisonous Vapours (safe; 12% risk of failure)
Confirm with . or Enter, or press ? or * to list all spells.
Aiming: Sting (safe; 7% risk of failure)
Press: ? - help, Shift-Dir - straight line, f/p - gnoll
Aim: a gnoll, wielding a +3 whip (moderately wounded, 75% to hit)
The sting hits the gnoll.
The gnoll is poisoned.
The gnoll is moderately wounded.
An endoplasm comes into view.
The endoplasm quivers.
A rat comes into view.
The endoplasm hits you.
A goblin comes into view. It is wielding a +0 dagger.
The gnoll looks more healthy.
The endoplasm barely misses you.
You hit the rat but do no damage.
The goblin shouts!
The endoplasm misses you. The rat closely misses you.
You hit the rat.
You kill the rat!
The gnoll closely misses you. The endoplasm hits you.
The gnoll hits you with a +3 whip!
* * * LOW HITPOINT WARNING * * *
The endoplasm barely misses you.
Unknown command.
The endoplasm attacks as you move away! The endoplasm closely misses you.
Casting: Sting (safe; 7% risk of failure)
Confirm with . or Enter, or press ? or * to list all spells.
Aiming: Sting (safe; 7% risk of failure)
Press: ? - help, Shift-Dir - straight line, f/p - gnoll
Aim: a gnoll, wielding a +3 whip (heavily wounded, 75% to hit)
The sting misses the gnoll.
The sting hits the endoplasm but does no damage.
The endoplasm is poisoned.
The gnoll closely misses you.
Unknown command.
You aren't carrying any scrolls.
Unknown command.
It was a potion of mutation.
You feel extremely strange.
Your body twists and deforms.
You feel the urge to shout.
Your fingernails lengthen.
The gnoll barely misses you. The goblin closely misses you.
Unknown command.
Magic courses through your body. The gnoll barely misses you.
The goblin hits you but does no damage.
Casting: Sting (safe; 7% risk of failure)
Confirm with . or Enter, or press ? or * to list all spells.
Aiming: Sting (safe; 7% risk of failure)
Press: ? - help, Shift-Dir - straight line, f/p - gnoll
Aim: a gnoll, wielding a +3 whip (heavily wounded, 75% to hit)
The sting hits the gnoll.
The gnoll is poisoned.
The gnoll is almost dead.
You kill the gnoll!
The goblin hits you with a +0 dagger.
* * * LOW HITPOINT WARNING * * *
Training target 2.0 for Air Magic reached!
Your Air Magic skill increases to level 2!
You need to enable at least one skill for training.
Casting: Sting (safe; 7% risk of failure)
Confirm with . or Enter, or press ? or * to list all spells.
Aiming: Sting (safe; 7% risk of failure)
Press: ? - help, Shift-Dir - straight line, f - endoplasm
Aim: an endoplasm (moderately wounded, poisoned, 98% to hit)
The sting hits the endoplasm.
The endoplasm partially resists.
The endoplasm is heavily wounded.
The endoplasm misses you. The goblin hits you with a +0 dagger.
You die...

#. #. #.#
##.. ...#
#.########.#
#..J@g......
#..#######.⌠
#..# #..# ###
#?.# ..#
#..##
#.###...#####
#.##........#
#.###.#.###.#


You could see an endoplasm (poisoned) and a goblin.

Vanquished Creatures
  A gnoll (D:2)
  A dart slug (D:1)
  4 ball pythons
  2 endoplasms
  4 goblins (D:1)
  2 hobgoblins
  A kobold (D:1)
  2 rats
17 creatures vanquished.

Notes
Turn   | Place    | Note
-------+----------+-------------------------------------------
     0 | D:1      | Flugslaktarn the Human Venom Mage began the quest for the
                  | Orb.
     0 | D:1      | Reached XP level 1. HP: 13/13 MP: 3/3
    68 | D:1      | Reached XP level 2. HP: 3/19 MP: 0/5
    81 | D:1      | Learned a level 2 spell: Poisonous Vapours
   170 | D:1      | Reached skill level 1 in Air Magic
   255 | D:2      | Reached XP level 3. HP: 11/24 MP: 0/6
   302 | D:2      | Gained mutation: Armour fits poorly on your strangely
                  | shaped body. [potion of mutation]
   302 | D:2      | Gained mutation: You occasionally shout uncontrollably at
                  | your foes. [potion of mutation]
   302 | D:2      | Gained mutation: You have sharp fingernails. [potion of
                  | mutation]
   304 | D:2      | HP: 1/24 [goblin/+0 dagger (4)]
   305 | D:2      | Slain by a goblin

Illustrated notes

Levels and vault maps discovered:
D:1:      amcnicky_arrival_wind_blow, layout_basic, serial_shops,
          shop_fountains, minmay_misc_feat_hallway
D:2:      layout_loops_ring, dilly_ecumenical_altar_fadedgnrine, serial_shops,
          shop_fountains, patterned_corridor

Skill      XL: |  1  2  3 |
---------------+----------+-----
Transmutations | 2 |  2.0
Air Magic      | 1 2 |  2.0
Fighting       | |  0.2
Dodging        | |  2.0
Stealth        | |  2.0
Spellcasting   | |  2.0
Poison Magic   | |  3.0

Action                   || total
-------------------------++-------
Melee: Dagger            ||    10
       Mace              ||    13
 Cast: Sting             ||    19
       Poisonous Vapours ||     1
  Use: Potion            ||     2
Armor: Robe              ||     5
Dodge: Dodged            ||    24

Table legend: (Time is in decaauts)
 A = Elapsed time spent in this place.
 B = Non-inter-level travel time spent in this place.
 C = Inter-level travel time spent in this place.
 D = Time resting spent in this place.
 E = Time spent auto-exploring this place.
 F = Levels seen in this place.
 G = Mean time per level.
                   A        B        C        D        E       F      G
               +--------+--------+--------+--------+--------+-----+--------+
         Total |    308 |    301 |      7 |      0 |      0 |   2 |  154.0 |
       Dungeon |    308 |    301 |      7 |      0 |      0 |   2 |  154.0 |
               +--------+--------+--------+--------+--------+-----+--------+

Top non-repeatable levels by time:
     D:1: 238 daAuts
     D:2: 70 daAuts
